 Dungeon Crawl Stone Soup version 0.29.1-12-g30fa7ad0bf (webtiles) character file.

Game seed: 3360660437836816763

2958 GeoRichter the Chiller (level 9, -7/57 HPs)
             Began as a Demonspawn Wanderer on Dec 23, 2022.
             Mangled by a yak (13 damage)
             ... on level 8 of the Dungeon.
             The game lasted 00:23:49 (11280 turns).

GeoRichter the Chiller (Demonspawn Wanderer)       Turns: 11280, Time: 00:23:49

Health: -7/57      AC: 16    Str: 15    XL:     9   Next: 52%
Magic:  8/19       EV: 12    Int: 17    God:
Gold:   160        SH:  0    Dex: 16    Spells: 15/22 levels left

rFire   . . .      SeeInvis .   v - +2 halberd (drain)
rCold   . . .      Faith    .   (shield currently unavailable)
rNeg    . . .      Spirit   .   t - +0 robe
rPois   .          Reflect  .   (helmet restricted)
rElec   .          Harm     .   w - +1 cloak "Kuqoz" {Dex+5}
rCorr   .          Rampage  .   h - +2 pair of gloves
Will    .....                   y - +2 pair of boots
Stlth   +.........              (no amulet)
HPRegen 0.19/turn               (no ring)
MPRegen 0.32/turn               (no ring)

@: sanguine armoured, freezing walls, very slightly contaminated
A: horns 1, demonic guardian 1, magic regeneration, sanguine armour 1
a: no special abilities


You were on level 8 of the Dungeon.
You visited 2 branches of the dungeon, and saw 9 of its levels.
You also visited: Bailey.

You collected 433 gold pieces.
You spent 273 gold pieces at shops.

Inventory:

Hand Weapons
 o - a +2 dagger of venom
   (You took it off a kobold on level 4 of the Dungeon)
 v - a +2 halberd of draining (weapon)
   (You took it off a gnoll in a bailey)
Armour
 c - a +2 buckler of protection
   (You acquired it on level 3 of the Dungeon)
 h - a +2 pair of gloves (worn)
   (You found it on level 1 of the Dungeon)
 t - a +0 robe (worn)
   (You found it on level 3 of the Dungeon)
 w - the +1 cloak "Kuqoz" (worn) {Dex+5}
   (You acquired it on level 5 of the Dungeon)

   Dex:       It affects your dexterity (+5).
 y - a +2 pair of boots (worn)
   (You found it on level 5 of the Dungeon)
Wands
 C - a wand of charming (5)
   (You found it on level 7 of the Dungeon)
Scrolls
 a - 2 scrolls of blinking {unknown}
 d - a scroll of noise {unknown}
 e - 2 scrolls of fear
 f - a scroll of immolation {unknown}
 i - 4 scrolls of teleportation {@r4}
 j - a scroll of summoning {unknown}
 l - 2 scrolls of magic mapping {unknown}
 s - a scroll of enchant armour {unknown}
 x - 2 scrolls of poison {!r}
Potions
 b - 3 potions of invisibility {unknown}
 g - 7 potions of might
 k - 6 potions of heal wounds {@q2}
 m - a potion of ambrosia {unknown}
 n - a potion of lignification {unknown}
 p - 4 potions of curing {@q1}
 q - 2 potions of brilliance {unknown}
 r - 5 potions of mutation {unknown}
 u - a potion of flight {unknown}
 z - 3 potions of haste {@q3}
 A - a potion of cancellation
 B - 3 potions of magic {unknown}


   Skills:
 - Level 1.7 Short Blades
 - Level 2.6 Armour
 - Level 1.0 Dodging
 + Level 7.1 Spellcasting
 - Level 7.2 Summonings
 + Level 7.4 Ice Magic
 - Level 1.0 Evocations


You had 15 spell levels left.
You knew the following spells:

 Your Spells              Type           Power      Damage    Failure   Level
a - Summon Small Mammal   Summ           100%       N/A       1%          1
b - Call Canine Familiar  Summ           30%        N/A       1%          3
c - Frozen Ramparts       Ice            62%        1d10      1%          3

Your spell library contained the following spells:

 Spells                   Type           Power      Damage    Failure   Level
 Freeze                   Ice            100%       1d11      1%          1
 Ensorcelled Hibernation  Hex/Ice        36%        N/A       3%          2
 Foxfire                  Conj/Fire      24%        2x1d5     12%         1
 Blink                    Tloc           12%        N/A       17%         2
 Poisonous Vapours        Pois/Air       12%        N/A       17%         2
 Hailstorm                Conj/Ice       18%        3d6       24%         4
 Conjure Flame            Conj/Fire      6%         6-21      34%         3
 Inner Flame              Hex/Fire       6%         N/A       34%         3
 Lesser Beckoning         Tloc           6%         N/A       34%         3
 Spider Form              Tmut/Pois      6%         N/A       34%         3
 Anguish                  Hex/Necr       3%         N/A       75%         4
 Corpse Rot               Necr/Pois/Air  6%         N/A       75%         4
 Flame Wave               Conj/Fire      6%         2d5       75%         4
 Manifold Assault         Tloc           6%         N/A       97%         5


Dungeon Overview and Level Annotations

Branches:
Dungeon (8/15) Zot: 26972  Temple (1/1) D:7 Zot: 5925  Bailey (visited)
   Lair: D:8-11

Altars:
Ashenzari
Cheibriados
Fedhas
Gozag
Hepliaklqana
Kikubaaqudgha
Nemelex Xobeh
Okawaru
Qazlal
Ru
Trog
Uskayaw
Wu Jian
Xom
Yredelemnul

Shops:
D:6 !

Annotations:
D:3 1 runed translucent door, Crazy Yiuf


Innate Abilities, Weirdness & Mutations

You have a pair of small horns on your head.
A weak demonic guardian rushes to your aid.
You regenerate magic rapidly.
When seriously injured, your blood forms armour. (AC +6)


Message History

The yak closely misses your hound. x2; The wall freezes the yak.
The yak gores you but does no damage.
The wall freezes the yak!
Okay, then.
You hit the yak.
You kill the yak!
Your bat hits the yak but does no damage.
Your hound bites the yak.
Your hound bites the yak but does no damage.
The yak gores your hound!
Your hound dies!
Your hound's corpse disappears in a puff of smoke!
The yak gores you!
The centaur shoots an arrow.
The arrow hits you.
Your frozen ramparts will break if you move.
Continue?
The frozen ramparts melt away as you move.
Your bat hits the yak.
The centaur shoots an arrow.
The arrow hits you.
The centaur shoots an arrow.
The arrow hits you.
Your blood congeals into armour.
Your bat hits the yak but does no damage.
The yak misses your bat. The yak attacks as you move away!
The yak closely misses you.
Your bat hits the yak but does no damage.
Your bat hits the yak but does no damage.
The yak gores your bat.
Your bat dies!
Your bat's corpse disappears in a puff of smoke!
The yak barely misses you.
The walls around you are covered in ice.
The wall freezes the centaur but does no damage.
The wall freezes the yak. x2; Your hound barely misses the yak.
You miscast Summon Small Mammal.
You are very lightly contaminated with residual magic.
Nothing appears to happen.
The wall freezes the centaur.
The centaur shoots an arrow.
The arrow hits you but does no damage.
Your hound closely misses the yak.
The wall freezes the yak but does no damage.
The yak barely misses you. The yak completely misses you.
The wall freezes the centaur.
Your hound bites the yak but does no damage.
The wall freezes the centaur!
The yak barely misses you.
The wall freezes the yak!
The yak barely misses you. The yak gores you!
Your hound bites the yak but does no damage.
The wall freezes the centaur.
Your hound bites the yak.
The ice beast hits your hound. The ice beast freezes your hound!
The wall freezes the yak but does no damage.
The yak gores you!
* * * LOW HITPOINT WARNING * * *
The yak gores you!
* * * LOW HITPOINT WARNING * * *
A demonic guardian appears!
The yak gores you!
You die...

.=.................#
...................#
...................#
...................#
...................#
........5Yhrr......#
.........YY........#
......†.cY@........#
..#.#.##.##........#
# ...##....[...#
..........######
..............#
........)...<.#
#.............#
..............#
..........#


You could see 3 yaks, an ice beast (ally target), a centaur, a friendly hound
(summoned), a friendly quasit (summoned) and 2 friendly quokkas.

Vanquished Creatures
  A yak (D:8)
  A steam dragon (D:7)
  A water moccasin (D:6)
  Duvessa (D:5)
  A black bear (D:6)
  2 sky beasts (D:6)
  An orc warrior (Bailey)
  A kobold brigand (D:7)
  2 scorpions
  2 bullfrogs (D:7)
  Dowan (D:5)
  4 killer bees (D:7)
  An electric eel (D:7)
  3 hounds
  A gnoll bouda (D:5)
  2 orc priests
  2 iguanas (D:7)
  3 orc wizards
  8 gnolls
  5 adders
  2 white imps
  An ufetubus (D:7)
  2 dart slugs (D:4)
  35 orcs
  5 bats
  8 endoplasms
  5 giant cockroaches
  7 goblins
  6 hobgoblins
  13 kobolds
  2 quokkas
  4 ball pythons
  4 frilled lizards
  A kobold zombie (D:7)
  6 rats
144 creatures vanquished.

Vanquished Creatures (collateral kills)
  An ice beast (D:6)
  A black bear (D:3)
  2 phantoms
  A centaur (D:7)
  2 necrophages (D:6)
  An electric eel (D:7)
  A hound (D:6)
  4 orc priests
  4 orc wizards
  A mummy (D:7)
  4 gnolls
  4 adders
  A white imp (D:6)
  An ufetubus (D:4)
  4 worms
  10 orcs
  3 ball pythons
  A hobgoblin (D:4)
  A jackal (D:2)
  2 kobolds (D:7)
  A quokka (D:2)
  A hobgoblin zombie (D:7)
  2 kobold zombies (D:7)
  A spectral kobold (D:1)
54 creatures vanquished.

Vanquished Creatures (others)
  21 plants
21 creatures vanquished.

Grand Total: 219 creatures vanquished

Notes
Turn   | Place    | Note
-------+----------+-------------------------------------------
     0 | D:1      | GeoRichter the Demonspawn Wanderer began the quest for the
                  | Orb.
     0 | D:1      | GeoRichter set off with the following items: a +2 short
                  | sword, a +0 scale mail, a potion of berserk rage; and the
                  | following spell memorised: Summon Small Mammal; and the
                  | following spells available to memorise: Call Canine
                  | Familiar.
     0 | D:1      | Reached XP level 1. HP: 13/13 MP: 2/2
   268 | D:1      | Gained mutation: When seriously injured, your blood forms
                  | armour. (AC +6) [demonic ancestry]
   268 | D:1      | Reached XP level 2. HP: 18/19 MP: 4/4
   752 | D:1      | Found a faded altar of an unknown god.
  1284 | D:2      | Reached XP level 3. HP: 24/24 MP: 5/5
  1823 | D:2      | You fall into a shaft and drop 2 floors!
  1854 | D:3      | Learned a level 3 spell: Call Canine Familiar
  1871 | D:3      | Found a runed translucent door.
  1872 | D:3      | Noticed Crazy Yiuf
  1915 | D:3      | Noticed a black bear
  2103 | D:2      | Gained mutation: You regenerate magic rapidly. [demonic
                  | ancestry]
  2103 | D:2      | Reached XP level 4. HP: 20/30 MP: 5/7
  3225 | D:3      | HP: 1/30 [orc priest/divine providence (15)]
  3231 | D:3      | Identified a scroll of acquirement
  3231 | D:3      | Acquired a +2 buckler of protection
  3792 | D:3      | Gained mutation: A weak demonic guardian rushes to your
                  | aid. [demonic ancestry]
  3792 | D:3      | Reached XP level 5. HP: 31/35 MP: 8/8
  4305 | D:4      | Noticed a phantom
  4336 | D:4      | Killed a phantom
  4337 | D:4      | Reached skill level 5 in Summonings
  4905 | D:4      | Identified the +4 ring mail of Haase {rElec rC- Str+4}
  5306 | D:4      | Reached XP level 6. HP: 38/41 MP: 8/10
  5627 | D:5      | Entered Level 5 of the Dungeon
  5645 | D:5      | Learned a level 3 spell: Frozen Ramparts
  6125 | D:5      | Found an ancient bone altar of Kikubaaqudgha.
  6155 | D:5      | Reached XP level 7. HP: 36/46 MP: 8/12
  6234 | D:5      | Acquired the +1 cloak "Kuqoz" {Dex+5}
  6492 | D:5      | Noticed Duvessa
  6492 | D:5      | Noticed Dowan
  6528 | D:5      | Killed Duvessa
  6528 | D:5      | Killed Dowan
  6746 | D:5      | Found a broken altar of Ashenzari.
  6752 | D:5      | Found a hazy altar of Hepliaklqana.
  6755 | D:5      | Found an ornate altar of the Wu Jian Council.
  6755 | D:5      | Found an iron altar of Okawaru.
  6762 | D:5      | Found a blossoming altar of Fedhas.
  6790 | D:5      | Reached skill level 1 in Ice Magic
  7116 | D:5      | Reached XP level 8. HP: 48/52 MP: 12/15
  7433 | D:6      | Reached skill level 5 in Spellcasting
  8089 | D:6      | Found Bengul's Distillery.
  8092 | D:6      | Bought a potion of haste for 130 gold pieces
  8092 | D:6      | Bought a potion of curing for 39 gold pieces
  8092 | D:6      | Bought a potion of cancellation for 104 gold pieces
  8138 | D:6      | Reached skill level 5 in Ice Magic
  8836 | D:7      | Gained mutation: You have a pair of small horns on your
                  | head. [demonic ancestry]
  8836 | D:7      | Reached XP level 9. HP: 20/57 MP: 14/18
  8935 | D:7      | Found a staircase to the Ecumenical Temple.
  9069 | D:7      | Found a flagged portal.
  9166 | Bailey   | Entered a bailey
  9914 | Temple   | Entered the Ecumenical Temple
 10992 | D:7      | Found a shimmering altar of Xom.
 11068 | D:7      | Found an opulent altar of Gozag.
 11280 | D:8      | Mangled by a yak

Illustrated notes

Levels and vault maps discovered:
D:1:      saegor_arrival_simple_a, layout_rooms,
          dreamdust_ecumenical_altar_drowned_temple, patterned_corridor
D:2:      minmay_spotlight, layout_basic, minmay_heptomino_d4
D:3:      layout_loops_ring, uniq_crazy_yiuf_cottage
D:4:      layout_loops_corners
D:5:      layout_cave_pods, mainiacjoe_overflow_boulevard,
          nicolae_overflow_hallway_of_the_gods, lemuel_crystal_altar,
          serial_column_ruins, column_ruins_square_large,
          column_ruins_columns_straight, column_ruins_open_small,
          column_ruins_columns_straight, column_ruins_grid_4,
          column_ruins_grid_1, column_ruins_grid_3, uniq_duvessa
D:6:      layout_basic, serial_shops, kennysheep_mini
D:7:      wad_woods_pond, layout_basic, grunt_temple_overflow_gold_and_silver,
          nicolae_overflow_hidden_temple, minmay_temple_entry_tees,
          enter_bailey_8, corexii_corridor_pit, minmay_mini_ossuary
D:8:      layout_rooms, nzn_random_ring, uniq_psyche
Temple:   nicolae_temple_colour_theory

Skill      XL: |  1  2  3  4  5  6  7  8  9 |
---------------+----------------------------+-----
Summonings     | 3 4 5 6 7 |  7.2
Spellcasting   | 2 3 4 6 7 |  7.1
Ice Magic      | 2 6 7 |  7.4
Short Blades   | |  1.7
Armour         | |  2.6
Dodging        | |  1.0
Evocations     | |  1.0

Action                   |  1- 3 |  4- 6 |  7- 9 || total
-------------------------+-------+-------+-------++-------
Melee: Short sword       |   149 |   149 |       ||   298
       Unarmed           |     6 |       |       ||     6
       Punch             |     1 |     3 |     2 ||     6
       Dagger            |       |    47 |   144 ||   191
       Halberd           |       |       |    54 ||    54
       Headbutt          |       |       |    14 ||    14
 Cast: Summon Small Mamm |    14 |    63 |    57 ||   134
       Call Canine Famil |       |     7 |    41 ||    48
       Frozen Ramparts   |       |       |    40 ||    40
  Use: Scroll            |       |     4 |     4 ||     8
       Potion            |       |     2 |     4 ||     6
 Stab: Sleeping          |       |     1 |     3 ||     4
Armor: Ring mail         |    62 |    28 |       ||    90
       Scale mail        |     5 |       |       ||     5
       Robe              |       |    48 |    97 ||   145
Dodge: Dodged            |    69 |   111 |   154 ||   334
